 Dungeon Crawl Stone Soup version 0.27-a0-75-g9f9dfd16e9 (webtiles) character file.

Game seed: 3091190946531233312

149413 Fanir the Geomancer (level 17, -2/104 HPs)
             Began as a Gargoyle Earth Elementalist on Jan 12, 2021.
             Was the Champion of Vehumet.
             Slain by an alligator (4 damage)
             ... called by a spriggan druid
             ... on level 2 of the Swamp.
             The game lasted 01:33:17 (36776 turns).

Fanir the Geomancer (Gargoyle Earth Elementalist)  Turns: 36776, Time: 01:33:17

Health: -2/104     AC: 25    Str: 14    XL:     17   Next: 51%
Magic:  15/41      EV: 15    Int: 30    God:    Vehumet [******]
Gold:   430        SH:  0    Dex: 10    Spells: 0/39 levels left

rFire    . . .     SeeInvis .   F - +8 flail
rCold    . . .     Faith    .   (no shield)
rNeg     + . .     Spirit   .   w - +0 leather armour of Esinuzou {Slay+3}
rPois    ∞         Reflect  .   j - +2 helmet {Int+3}
rElec    +         Harm     .   u - scarf {+Inv}
rCorr    .         Rampage  .   O - +1 pair of gloves
Will     +....     Clarity  +   H - +2 pair of boots
Stlth    ++........             y - amulet of magic regeneration
HPRegen  0.27/turn              K - +6 ring of intelligence
MPRegen  0.52/turn              e - ring of magical power

@: flying
A: big wings, clarity, negative energy resistance 1, electricity resistance,
wild magic 1, unbreathing, petrification resistance, miasma immunity, AC +12
a: Stop Flying, Renounce Religion, Evoke Invisibility


You were on level 2 of the Swamp.
You worshipped Vehumet.
Vehumet was exalted by your worship.
You visited 6 branches of the dungeon, and saw 28 of its levels.
You also visited: Gauntlet.

You collected 2834 gold pieces.
You spent 2404 gold pieces at shops.

Inventory:

Hand Weapons
 p - a +2 eveningstar of holy wrath
 v - the +6 dagger "Lamp" {pain, rF+ Str+3 SInv}
   (You found it on level 6 of the Dungeon)

   In the hands of one skilled in necromantic magic, it inflicts extra damage on
   living creatures.
   It affects your strength (+3).
   It protects you from fire.
   It lets you see invisible.
 F - a +8 flail (weapon)
Missiles
 b - 549 stones
 d - 4 throwing nets
Armour
 f - a +1 hat of see invisible
 j - a +2 helmet of intelligence (worn)
 u - a scarf of invisibility (worn)
 w - the +0 leather armour of Esinuzou (worn) {Slay+3}
   (You bought it in a shop on level 11 of the Dungeon)

   It affects your accuracy and damage with ranged weapons and melee attacks
   (+3).
 H - a +2 pair of boots (worn)
 I - +1 steam dragon scales
 O - a +1 pair of gloves (worn)
 T - a +1 robe of fire resistance
Jewellery
 e - a ring of magical power (right hand)
 y - an amulet of magic regeneration (around neck)
 z - a +4 ring of protection
 G - an uncursed ring of wizardry
 K - a +6 ring of intelligence (left hand)
Wands
 c - a wand of flame (22)
 n - a wand of digging (5)
 B - a wand of disintegration (56)
 Q - a wand of iceblast (13)
 R - a wand of enslavement (30)
 U - a wand of paralysis (14)
Scrolls
 q - 12 scrolls of remove curse
 r - 2 scrolls of magic mapping
 s - 8 scrolls of teleportation
 A - 4 scrolls of fog
 D - 5 scrolls of blinking
 E - 15 scrolls of identify
 W - 2 scrolls of amnesia
 Y - a scroll of fear
Potions
 a - 9 potions of haste
 g - 3 potions of mutation
 h - 11 potions of ambrosia
 k - 4 potions of might
 l - 7 potions of lignification
 m - 13 potions of curing
 o - a potion of cancellation
 t - a potion of resistance
 x - a potion of invisibility
 L - 8 potions of brilliance
 N - 8 potions of heal wounds
 P - 2 potions of berserk rage
 V - a potion of magic
Miscellaneous
 i - a box of beasts (inert)
 M - a condenser vane
 S - a lightning rod (4/4)
 Z - a tin of tremorstones (2/2)


   Skills:
 - Level 11.3 Fighting
 - Level 10.5 Maces & Flails
 - Level 6.0 Armour
 - Level 9.0 Dodging
 - Level 2.1 Stealth
 - Level 11.5 Spellcasting
 - Level 12.9 Conjurations
 - Level 0.7 Transmutations
 + Level 10.6 Fire Magic
 - Level 14.6 Earth Magic
 - Level 8.9 Evocations


You couldn't memorise any spells.
You knew the following spells:

 Your Spells              Type           Power        Failure   Level
a - Sandblast             Erth           100%         1%          1
b - Stone Arrow           Conj/Erth      100%         1%          3
c - Lee's Rapid Deconstr  Erth           47%          1%          5
d - Iron Shot             Conj/Erth      46%          1%          6
e - Bolt of Magma         Conj/Fire/Erth 44%          1%          5
f - Starburst             Conj/Fire      42%          1%          6
g - Ignition              Fire           40%          63%         8
h - Irradiate             Conj/Tmut      33%          2%          5

Your spell library contained the following spells:

 Spells                   Type           Power        Failure   Level
 Magic Dart               Conj           100%         1%          1
 Passwall                 Tmut/Erth      58%          1%          2
 Searing Ray              Conj           100%         1%          2
 Conjure Flame            Conj/Fire      85%          1%          3
 Dazzling Flash           Conj/Hex       100%         1%          3
 Ignite Poison            Fire/Tmut/Pois 51%          1%          3
 Mephitic Cloud           Conj/Pois/Air  54%          1%          3
 Fulminant Prism          Conj/Hex       32%          1%          4
 Iskenderun's Mystic Bla  Conj/Tloc      65%          1%          4
 Leda's Liquefaction      Hex/Erth       34%          3%          4
 Petrify                  Tmut/Erth      70%          3%          4
 Animate Skeleton         Necr           44%          6%          1
 Apportation              Tloc           44%          6%          1
 Corona                   Hex            24%          6%          1
 Pain                     Necr           88%          6%          1
 Summon Small Mammal      Summ           88%          6%          1
 Orb of Destruction       Conj           44%          6%          7
 Borgnjor's Vile Clutch   Necr/Erth      34%          8%          5
 Call Imp                 Summ           22%          9%          2
 Poisonous Vapours        Pois/Air       44%          9%          2
 Call Canine Familiar     Summ           22%          16%         3
 Lesser Beckoning         Tloc           11%          16%         3
 Summon Guardian Golem    Hex/Summ       22%          16%         3
 Tukima's Dance           Hex            22%          16%         3
 Freezing Cloud           Conj/Ice/Air   27%          28%         6
 Ice Form                 Ice/Tmut       25%          41%         4
 Summon Ice Beast         Ice/Summ       22%          45%         4
 Summon Lightning Spire   Summ/Air       22%          45%         4
 Alistair's Intoxication  Tmut/Pois      16%          73%         5
 Agony                    Necr           22%          78%         5
 Metabolic Englaciation   Hex/Ice        11%          78%         5
 Summon Demon             Summ           11%          78%         5
 Summon Forest            Summ/Tloc      11%          78%         5
 Summon Mana Viper        Hex/Summ       22%          78%         5
 Eringya's Noxious Bog    Tmut/Pois      12%          78%         6
 Ozocubu's Refrigeration  Ice            11%          82%         6
 Shatter                  Erth           47%          92%         9
 Invisibility             Hex            22%          100%        6
 Shadow Creatures         Summ           N/A          100%        6
 Simulacrum               Ice/Necr       11%          100%        6
 Summon Hydra             Summ           11%          100%        7
 Sublimation of Blood     Necr           Unusable     N/A         2
 Statue Form              Tmut/Erth      Unusable     N/A         6

Dungeon Overview and Level Annotations

Branches:
Dungeon (15/15)            Temple (1/1) D:6            Lair (6/6) D:9
  Swamp (2/4) Lair:2        Snake (2/4) Lair:4        Slime (0/5) Lair:5
    Orc (2/2) D:12            Elf (0/3) Orc:2        Vaults (0/5) D:14
 Depths (0/5) D:15        Gauntlet (visited)

Altars:
Ashenzari
Cheibriados
Dithmenos
Elyvilon
Fedhas
Gozag
Hepliaklqana
Kikubaaqudgha
Makhleb
Nemelex Xobeh
Okawaru
Qazlal
Ru
Sif Muna
Trog
Uskayaw
Vehumet
Wu Jian
Xom
Yredelemnul
Zin
The Shining One
Beogh
Jiyva
Lugonu

Shops:
D:8 (   D:11 [   D:13 (   D:14 *   Orc:1 ?   Orc:2 (!(*

Portals:
Abyss: Swamp:1
Trove: D:12 (give +6 demon whip)

Annotations:
D:8 3 runed translucent doors, fasse2k's ghost, novice GnIE
D:15 1 runed translucent door, exclusion: fire giant, Deocoisk's ghost, journeyman NaBe
Lair:4 3 runed translucent doors, Essalna's ghost, journeyman DEEE
Lair:5 exclusion: 2 oklob plants
Snake:1 1 runed translucent door, Avavve's ghost, adept TrBe


Innate Abilities, Weirdness & Mutations

You are resistant to torment.
Your stone body is resilient. (AC +12)
You are immune to poison.
Your large and strong wings let you fly indefinitely.
You resist negative energy. (rN+)
You are resistant to electric shocks. (rElec)
You can survive without breathing.
You are immune to petrification.
You are immune to miasma.
You possess an exceptional clarity of mind.
Your spells are a little harder to cast, but a little more powerful.


Message History

The alligator tail-slaps you.
* * * LOW HITPOINT WARNING * * *
The spriggan is engulfed in a cloud of scalding steam.
The spriggan barely misses you.
Unknown command.
Unknown command.
Unknown command.
You are engulfed in a cloud of scalding steam.
* * * LOW HITPOINT WARNING * * *
The alligator is engulfed in a cloud of scalding steam.
The alligator bites you but does no damage.
The alligator tail-slaps you but does no damage.
The spriggan is engulfed in a cloud of scalding steam.
The spriggan closely misses you.
The eight-headed hydra is engulfed in a cloud of scalding steam.
The alligator is engulfed in a cloud of scalding steam.
The alligator bites you!
* * * LOW HITPOINT WARNING * * *
The alligator tail-slaps you.
You die...

≈≈≈.≈♣ ♣♣♣♣♣.) ...≈..≈♣♣
."≈≈≈. ♣$≈ ...).§≈..!♣♣♣≈≈≈≈≈≈
♣≈♣. .≈≈≈.≈≈D.≈≈≈§.≈≈≈§≈≈
≈..♣≈
..≈≈≈≈≈..§§§≈§≈.≈§≈≈≈≈≈≈≈.. ♣.
§≈♣≈..≈≈.§D≈§§♣.§≈≈§..≈≈≈.♣♣≈.
.≈)....$?....○♣.≈§§...≈≈≈.≈.§.
≈.≈DS..≈.♣.§§§.≈≈≈....≈≈≈..≈.≈
.≈≈...>.§.§§@§§§§≈≈≈≈≈≈≈≈≈≈.≈
..♣♣.D.≈≈..§ti.§≈≈§§≈≈≈≈≈≈≈≈.≈
....≈)≈≈≈≈....≈≈≈≈≈...≈≈≈...≈♣
≈≈≈.≈≈≈≈≈≈....§§.≈≈≈..<≈≈.♣
§≈≈..≈†≈.§≈≈≈§.≈.§≈≈≈..≈.≈♣
≈≈..≈≈..§..≈≈§≈♣.≈§≈....♣♣♣
.≈≈.≈≈≈.♣≈..≈§...≈≈.....♣
≈♣♣..t..♣≈♣..≈≈≈≈≈≈≈≈≈≈♣♣
♣≈♣..≈≈≈≈≈♣≈≈≈≈≈≈§≈≈.≈♣


You could see an alligator (strong, swift), an eight-headed hydra and a
spriggan.

Vanquished Creatures
  Saint Roka (Orc:2)
  Gastronok (Lair:3)
  Roxanne (Snake:1)
  Kirke (Swamp:1)
  Aizul (Swamp:2)
  A stone giant (Orc:1)
  A minotaur (Gauntlet)
  2 bunyips
  2 eleionomae
  The ghost of Zuseh the Grappler, a journeyman TrMo of Jiyva (Lair:3)
  A shambling mangrove (Swamp:2)
  Erolcha (D:13)
  9 hydras
  6 boulder beetles
  An ice dragon (D:10)
  Harold (D:7)
  3 vault guards
  A ghost crab (Swamp:1)
  3 anacondas (Snake:1)
  A catoblepas (Lair:5)
  4 centaur warriors
  4 alligators
  4 two-headed ogres
  5 tengu warriors
  8 orc high priests (Orc:2)
  A deep troll earth mage (D:10)
  3 shock serpents (Snake:1)
  A swamp dragon (Swamp:1)
  A wizard (D:14)
  A bog body (Lair:2)
  3 unseen horrors
  A glowing orange brain (Gauntlet)
  A spriggan druid (Swamp:2)
  2 necromancers (D:14)
  A deep elf archer (D:13)
  A mana viper (Snake:1)
  2 deep elf magi (D:11)
  3 orc knights
  3 oklob plants
  16 ugly things
  2 orc sorcerers
  2 will-o-the-wisps
  8 cyclopes
  2 moths of wrath
  2 salamanders
  3 manticores
  14 black mambas
  18 elephants
  4 naga magi (Snake:1)
  Maurice (D:11)
  An apocalypse crab (Gauntlet)
  19 cane toads
  Maggie (D:8)
  3 centaur skeletons
  5 gargoyles
  A kobold demonologist (D:12)
  6 rime drakes
  9 komodo dragons
  2 ice devils (D:11)
  2 queen bees
  5 trolls
  2 tengu conjurers (D:15)
  A bloated husk (Swamp:1)
  6 hornets
  5 tyrant leeches
  8 slime creatures
  43 blink frogs
  A dream sheep (Lair:3)
  4 vampires
  2 shadows
  A wraith (D:15)
  7 spriggans
  5 wyverns
  6 hogs (Swamp:1)
  32 yaks
  18 humans (D:14)
  2 steam dragons
  2 basilisks
  Grum (D:11)
  3 chaos spawn (Gauntlet)
  A neqoxec (Gauntlet)
  9 wargs
  Menkaure (D:7)
  11 vampire mosquitoes
  8 swamp worms
  3 nagas
  An acid dragon (D:10)
  14 water moccasins
  A hornet zombie (D:13)
  3 swamp drakes
  24 orc warriors
  3 sky beasts
  4 ice beasts
  8 phantoms
  7 black bears
  A necrophage (D:8)
  12 ogres
  8 wolves
  16 centaurs
  3 big kobolds
  35 bullfrogs
  2 wyvern zombies
  7 scorpions
  A troll zombie (D:12)
  44 killer bees
  A vampire bat (Lair:2)
  25 wights
  2 electric eels (Lair:6)
  5 howler monkeys
  A bullfrog zombie (D:11)
  2 centaur zombies
  5 hounds
  5 gnoll shamans
  A bullfrog skeleton (D:6)
  3 jellies
  35 orc priests
  25 orc wizards
  3 iguanas
  9 worker ants
  Natasha (thrice) (D:2)
  12 hell rats
  A killer bee zombie (D:9)
  7 ogre zombies (D:12)
  A hound zombie (D:11)
  A hound skeleton (D:8)
  15 adders
  25 gnolls
  A shadow imp (D:10)
  3 white imps
  5 ufetubi
  An adder zombie (D:5)
  5 worms
  6 dart slugs
  4 leopard geckos
  103 orcs
  6 giant cockroaches
  10 goblins
  5 hobgoblins
  14 jackals
  15 kobolds
  5 quokkas
  A ball python (D:3)
  12 bats
  6 frilled lizards
  2 goblin skeletons (D:12)
  A goblin zombie (D:12)
  A hobgoblin skeleton (D:12)
  6 hobgoblin zombies (D:12)
  A jackal skeleton (D:4)
  2 orc skeletons (D:12)
  13 orc zombies (D:12)
  A quokka skeleton (D:8)
  A quokka zombie (D:7)
  10 rats
  A lurking horror (Swamp:1)
1018 creatures vanquished.

Vanquished Creatures (collateral kills)
  Louise (Swamp:1)
1 creature vanquished.

Vanquished Creatures (others)
  A bloated husk (Swamp:1)
  2 bushes (Lair:6)
  6 foxfires
  70 fungi
  154 plants
233 creatures vanquished.

Grand Total: 1252 creatures vanquished

Notes
Turn   | Place    | Note
-------+----------+-------------------------------------------
     0 | D:1      | Fanir the Gargoyle Earth Elementalist began the quest for
                  | the Orb.
     0 | D:1      | Reached XP level 1. HP: 10/10 MP: 3/3
    76 | D:1      | Reached XP level 2. HP: 10/15 MP: 0/5
   241 | D:1      | Reached skill level 4 in Earth Magic
   932 | D:1      | Reached XP level 3. HP: 19/19 MP: 6/6
   982 | D:1      | Learned a level 3 spell: Stone Arrow
  1170 | D:1      | You fall into a shaft and drop 1 floor!
  1733 | D:2      | Reached XP level 4. HP: 24/24 MP: 5/8
  1734 | D:2      | Reached skill level 1 in Conjurations
  2103 | D:2      | Noticed Natasha
  2405 | D:2      | Killed Natasha
  2406 | D:2      | Reached skill level 5 in Earth Magic
  2454 | D:2      | Reached XP level 5. HP: 21/28 MP: 1/9
  2460 | D:2      | Learned a level 5 spell: Lee's Rapid Deconstruction
  2593 | D:2      | Noticed Natasha
  2758 | D:2      | Killed Natasha
  2786 | D:2      | Noticed Natasha
  2793 | D:2      | Killed Natasha
  3130 | D:3      | Reached XP level 6. HP: 27/32 MP: 11/11
  3586 | D:3      | Reached skill level 6 in Earth Magic
  4398 | D:4      | Found an opulent altar of Gozag.
  4459 | D:4      | Reached XP level 7. HP: 36/36 MP: 6/13
  5542 | D:5      | Entered Level 5 of the Dungeon
  5589 | D:5      | Reached skill level 7 in Earth Magic
  5753 | D:5      | Reached skill level 5 in Spellcasting
  5753 | D:5      | Reached XP level 8. HP: 38/41 MP: 10/15
  5824 | D:5      | Reached skill level 5 in Conjurations
  6128 | D:5      | Found a shadowy altar of Dithmenos.
  6190 | D:5      | Reached skill level 8 in Earth Magic
  6702 | D:6      | Got a crude dagger
  6702 | D:6      | Identified the +6 dagger "Lamp" {pain, rF+ Str+3 SInv} (You
                  | found it on level 6 of the Dungeon)
  6717 | D:6      | You fall into a shaft and drop 1 floor!
  6717 | D:7      | Found a basalt altar of Yredelemnul.
  6722 | D:7      | Found a sacrificial altar of Ru.
  6723 | D:7      | Found an iron altar of Okawaru.
  6727 | D:7      | Found a glowing silver altar of Zin.
  6811 | D:7      | Noticed Menkaure
  6815 | D:7      | Killed Menkaure
  6864 | D:7      | Reached XP level 9. HP: 34/45 MP: 14/18
  7050 | D:7      | Noticed Harold
  7276 | D:7      | Reached skill level 9 in Earth Magic
  7816 | D:6      | Gained mutation: You possess an exceptional clarity of
                  | mind. [potion of mutation]
  7816 | D:6      | Gained mutation: Your spells are a little harder to cast,
                  | but a little more powerful. [potion of mutation]
  7903 | D:6      | Reached skill level 1 in Maces & Flails
  7903 | D:6      | Reached skill level 1 in Armour
  7907 | D:6      | Reached skill level 1 in Fighting
  8436 | D:6      | Found a staircase to the Ecumenical Temple.
  8445 | Temple   | Entered the Ecumenical Temple
  8602 | Temple   | Became a worshipper of Vehumet
  8952 | D:6      | Noticed a moth of wrath
  8957 | D:6      | Killed a moth of wrath
  8964 | D:6      | Found a bloodstained altar of Trog.
  9389 | D:7      | Killed Harold
  9390 | D:7      | Reached XP level 10. HP: 33/56 MP: 20/20
  9613 | D:8      | Reached * piety under Vehumet
  9613 | D:8      | Offered knowledge of Shock by Vehumet.
  9919 | D:8      | Reached skill level 10 in Earth Magic
  9939 | D:8      | Noticed a two-headed ogre
 10319 | D:8      | Found an ancient bone altar of Kikubaaqudgha.
 10415 | D:8      | Killed a two-headed ogre
 10415 | D:8      | Reached ** piety under Vehumet
 10450 | D:8      | Found Vienidgh's Weapon Shoppe.
 10620 | D:8      | Offered knowledge of Magic Dart by Vehumet.
 10715 | D:8      | Identified the amulet of Laskent {Acrobat rElec rPois rC-
                  | Dex+3}
 10794 | D:8      | Identified the Compendium of Unholy Summoning
 10808 | D:8      | Noticed Maggie
 10813 | D:8      | Killed Maggie
 10814 | D:8      | Reached skill level 1 in Evocations
 10918 | D:8      | Found a runed translucent gate.
 10918 | D:8      | Found a runed translucent gate.
 10919 | D:8      | Found a runed translucent gate.
 10920 | D:8      | Noticed fasse2k's ghost (novice GnIE)
 10922 | D:8      | Found a viscous altar of Jiyva.
 11048 | D:9      | Reached XP level 11. HP: 53/62 MP: 19/22
 11177 | D:9      | Found a shimmering blue altar of Sif Muna.
 11248 | D:9      | Offered knowledge of Frozen Ramparts by Vehumet.
 11545 | D:9      | Found a staircase to the Lair.
 11613 | D:9      | You fall into a shaft and drop 2 floors!
 11613 | D:11     | Noticed a cyclops
 11614 | D:11     | Noticed a manticore
 11615 | D:11     | Noticed Grum
 11761 | D:11     | Noticed Maurice
 11777 | D:11     | Killed Maurice
 11778 | D:11     | Reached skill level 5 in Armour
 11866 | D:10     | Entered Level 10 of the Dungeon
 11902 | D:10     | Reached *** piety under Vehumet
 12312 | D:9      | Offered knowledge of Iskenderun's Mystic Blast by Vehumet.
 12313 | D:9      | Reached skill level 5 in Fighting
 12618 | D:10     | Found an iron altar of Okawaru.
 12618 | D:10     | Found a hazy altar of Hepliaklqana.
 12619 | D:10     | Noticed an ice dragon
 12620 | D:10     | Noticed a deep troll earth mage
 12636 | D:10     | Killed a deep troll earth mage
 12639 | D:10     | Killed an ice dragon
 13064 | D:10     | Noticed a two-headed ogre
 13068 | D:10     | Killed a two-headed ogre
 13069 | D:10     | Reached skill level 5 in Maces & Flails
 13327 | D:10     | Reached **** piety under Vehumet
 13459 | D:10     | Offered knowledge of Inner Flame by Vehumet.
 13482 | D:10     | Reached skill level 11 in Earth Magic
 14170 | D:11     | Found Apierr's Antique Armour Shop.
 14173 | D:11     | Bought a slimy leather armour for 119 gold pieces
 14183 | D:11     | Identified the +0 leather armour of Esinuzou {Slay+3} (You
                  | bought it in a shop on level 11 of the Dungeon)
 14184 | D:11     | Bought a runed cloak for 127 gold pieces
 14200 | D:11     | Bought a runed cloak for 127 gold pieces
 14206 | D:11     | Bought a glowing scarf for 136 gold pieces
 14258 | D:11     | Identified the +3 short sword of Karma {holy, Int+4}
 14258 | D:11     | Noticed a deep elf mage
 14264 | D:11     | Killed a deep elf mage
 14452 | D:11     | Noticed a two-headed ogre
 14461 | D:11     | Killed a two-headed ogre
 14462 | D:11     | Reached XP level 12. HP: 69/69 MP: 17/24
 14485 | D:11     | Found a stormy altar of Qazlal.
 14828 | D:11     | Killed Grum
 14829 | D:11     | Reached skill level 5 in Dodging
 14982 | D:11     | Noticed a boulder beetle
 14992 | D:11     | Killed a boulder beetle
 15819 | D:12     | Reached ***** piety under Vehumet
 15825 | D:12     | Found a staircase to the Orcish Mines.
 15831 | D:12     | Offered knowledge of Bolt of Magma by Vehumet.
 16009 | D:12     | Learned a level 5 spell: Bolt of Magma
 16191 | D:12     | Noticed a vault guard
 16196 | D:12     | Killed a vault guard
 16202 | D:12     | Found a portal to a secret trove of treasure.
 16281 | D:12     | Reached skill level 10 in Conjurations
 16511 | D:12     | Reached XP level 13. HP: 76/76 MP: 21/26
 16820 | D:12     | Reached skill level 5 in Evocations
 17277 | D:13     | Found Qudiapp's Antique Weapon Boutique.
 17304 | D:13     | Reached skill level 12 in Earth Magic
 17935 | D:13     | Learned a level 5 spell: Irradiate
 18603 | D:13     | Noticed Erolcha
 18637 | D:13     | Killed Erolcha
 18835 | D:14     | Offered knowledge of Ozocubu's Refrigeration by Vehumet.
 19383 | D:14     | Gained mutation: Your large and strong wings let you fly
                  | indefinitely. [Gargoyle growth]
 19383 | D:14     | Reached XP level 14. HP: 75/84 MP: 27/27
 19679 | D:14     | Found Seadid's Assorted Antiques.
 19687 | D:14     | Bought a scroll of identify for 62 gold pieces
 19687 | D:14     | Bought a potion of brilliance for 124 gold pieces
 19687 | D:14     | Bought a scroll of identify for 62 gold pieces
 19723 | D:14     | Reached skill level 1 in Fire Magic
 19874 | D:14     | You fall into a shaft and drop 1 floor!
 19874 | D:15     | Entered Level 15 of the Dungeon
 19934 | D:15     | Reached skill level 10 in Spellcasting
 20129 | D:15     | Offered knowledge of Starburst by Vehumet.
 20137 | D:15     | Learned a level 6 spell: Starburst
 20558 | D:15     | Reached skill level 13 in Earth Magic
 20837 | D:15     | Found a runed translucent door.
 21028 | D:15     | Found a staircase to the Depths.
 21028 | D:15     | Noticed a fire giant
 21100 | D:15     | Noticed Deocoisk's ghost (journeyman NaBe)
 21101 | D:15     | Identified the +4 spear "Zaim Esi" {pain, rF+ Int+5}
 21437 | D:14     | Found a gate to the Vaults.
 21622 | Lair:1   | Entered Level 1 of the Lair of Beasts
 22707 | Lair:2   | Found a staircase to the Swamp.
 22896 | Lair:2   | Reached skill level 5 in Fire Magic
 22896 | Lair:2   | Reached XP level 15. HP: 79/91 MP: 29/29
 23751 | Lair:3   | Found a transporter.
 23774 | Lair:3   | Found a gate leading to a gauntlet.
 23787 | Gauntlet | Entered a Gauntlet
 23787 | Gauntlet | Found a transporter.
 23799 | Gauntlet | Found a transporter.
 23800 | Gauntlet | Found a transporter.
 23801 | Gauntlet | Found a transporter.
 23808 | Gauntlet | Found a transporter.
 23811 | Gauntlet | Found a transporter.
 23812 | Gauntlet | Found a transporter.
 23820 | Gauntlet | Found a transporter.
 23823 | Gauntlet | Found a transporter.
 23824 | Gauntlet | Found a transporter.
 23835 | Gauntlet | Found a transporter.
 23835 | Gauntlet | Found a transporter.
 23836 | Gauntlet | Found a transporter.
 23844 | Gauntlet | Found a transporter.
 24090 | Gauntlet | Got a flickering amethyst amulet
 24095 | Gauntlet | Identified the amulet "Wemem" {Acrobat *Slow rF+ Will+
                  | Str+2} (You found it in a Gauntlet)
 24625 | Lair:3   | Found a transporter.
 24630 | Lair:3   | Noticed Zuseh's ghost (journeyman TrMo)
 24740 | Lair:3   | Killed Zuseh's ghost
 24744 | Lair:3   | Identified the amulet "Ytaur" {Regen+ Int+2} (You found it
                  | on level 3 of the Lair of Beasts)
 25006 | Lair:3   | Found a blossoming altar of Fedhas.
 25026 | Lair:3   | Noticed Gastronok
 25033 | Lair:3   | Killed Gastronok
 25384 | Lair:4   | Identified the +1 robe of the Apprentice {Will- Str+6} (You
                  | found it on level 4 of the Lair of Beasts)
 25633 | Lair:4   | Found a sacrificial altar of Ru.
 25701 | Lair:4   | Noticed Essalna's ghost (journeyman DEEE)
 25715 | Lair:4   | Found a runed translucent gate.
 25715 | Lair:4   | Found a runed translucent gate.
 25715 | Lair:4   | Found a runed translucent gate.
 25747 | Lair:4   | Found a staircase to the Snake Pit.
 26569 | Lair:5   | Reached skill level 10 in Fighting
 27228 | Lair:5   | Found a viscous altar of Jiyva.
 27228 | Lair:5   | Found a staircase to the Slime Pits.
 28001 | Lair:6   | Entered Level 6 of the Lair of Beasts
 28027 | Lair:6   | Reached ****** piety under Vehumet
 28039 | Lair:6   | Offered knowledge of Orb of Destruction by Vehumet.
 28270 | Lair:6   | Learned a level 7 spell: Orb of Destruction
 28290 | Lair:6   | Reached XP level 16. HP: 74/97 MP: 30/30
 28905 | Lair:6   | Reached skill level 14 in Earth Magic
 29238 | Lair:6   | Offered knowledge of Iron Shot by Vehumet.
 30039 | Orc:1    | Entered Level 1 of the Orcish Mines
 30039 | Orc:1    | Found Uthrabuese's Magic Scroll Boutique.
 30065 | Orc:1    | Bought a scroll of blinking for 105 gold pieces
 30065 | Orc:1    | Bought a scroll of identify for 28 gold pieces
 30314 | Orc:2    | Entered Level 2 of the Orcish Mines
 30342 | Orc:1    | Learned a level 6 spell: Iron Shot
 30473 | Orc:2    | Noticed Saint Roka
 30485 | Orc:2    | Killed Saint Roka
 30829 | Orc:1    | Reached skill level 10 in Maces & Flails
 31326 | Orc:2    | Offered knowledge of Lightning Bolt by Vehumet.
 31728 | Orc:2    | Found Piuleo's Antique Weapon Shoppe.
 31728 | Orc:2    | Found Xioxetua's Distillery.
 31750 | Orc:2    | Bought a potion of heal wounds for 70 gold pieces
 31750 | Orc:2    | Bought 2 potions of heal wounds for 140 gold pieces
 31750 | Orc:2    | Bought a potion of heal wounds for 70 gold pieces
 31870 | Orc:2    | Found a roughly hewn altar of Beogh.
 32054 | Orc:2    | Found a staircase to the Elven Halls.
 32334 | Orc:2    | Found Jelali's Weapon Shoppe.
 32334 | Orc:2    | Found Rituaris's Assorted Antiques.
 32359 | Orc:2    | Bought a potion of heal wounds for 160 gold pieces
 32359 | Orc:2    | Bought 2 potions of haste for 640 gold pieces
 32768 | Orc:2    | Bought a potion of mutation for 112 gold pieces
 32768 | Orc:2    | Bought a potion of invisibility for 112 gold pieces
 32768 | Orc:2    | Bought a potion of curing for 42 gold pieces
 32768 | Orc:2    | Bought a potion of ambrosia for 112 gold pieces
 32768 | Orc:2    | Bought a potion of brilliance for 56 gold pieces
 32996 | Snake:1  | Entered Level 1 of the Snake Pit
 33472 | Snake:1  | Found a runed translucent door.
 33472 | Snake:1  | Found a shimmering altar of Xom.
 33472 | Snake:1  | Noticed Avavve's ghost (adept TrBe)
 33693 | Snake:1  | Noticed Roxanne
 33697 | Snake:1  | Killed Roxanne
 33808 | Snake:1  | Reached XP level 17. HP: 91/104 MP: 27/32
 33837 | Snake:1  | Found a snail-covered altar of Cheibriados.
 34632 | Swamp:1  | Entered Level 1 of the Swamp
 34633 | Swamp:1  | Noticed Kirke
 34660 | Swamp:1  | Killed Kirke
 34982 | Swamp:1  | Found a corrupted altar of Lugonu.
 34990 | Swamp:1  | Found a one-way gate to the infinite horrors of the Abyss.
 35495 | Swamp:1  | Noticed Louise
 35516 | Swamp:1  | Killed Louise
 36188 | Swamp:2  | Offered knowledge of Ignition by Vehumet.
 36539 | Swamp:1  | Learned a level 8 spell: Ignition
 36562 | Swamp:2  | Reached skill level 10 in Fire Magic
 36565 | Swamp:2  | Noticed Aizul
 36774 | Swamp:2  | Killed Aizul
 36776 | Swamp:2  | HP: 2/104 [alligator[a spriggan druid] (14)]
 36776 | Swamp:2  | Slain by an alligator

Illustrated notes

Levels and vault maps discovered:
D:1:      wander_arrival_lonely_grave, layout_basic
D:2:      layout_rooms, uniq_natasha
D:3:      layout_basic
D:4:      layout_layer_cave, grunt_gozag_statues
D:5:      layout_loops_ring, basic_altar, serial_bayou_pond_c
D:6:      layout_loops_ring, minmay_temple_entry_gardened_gates, tgw_trog
D:7:      layout_loops_ring, minitemple, minmay_misc_feat_rows,
          chequers_serial_rivers_room_b, chequers_hall_statues_y, uniq_harold,
          uniq_menkaure
D:8:      layout_basic, kiku_gazebo_pond_becter, serial_shops, kennysheep_mini,
          gammafunk_ghost_ooze, minivault_10, grunt_ministairs_4, uniq_maggie
D:9:      layout_basic, kennysheep_mini_moat, due_lair_maze_entry_diamond
D:10:     kennysheep_seaside_town, layout_basic, nrook_mini_vaults,
          minmay_crystal_room, jmf_multi_god_temple
D:11:     minmay_the_grid_triangle_9x9_recursive_3_mashed
          [minmay_the_grid_triangle_9x9_zippers_horizontal,
          minmay_the_grid_triangle_9x9_warning,
          minmay_the_grid_triangle_9x9_minimal,
          minmay_the_grid_triangle_9x9_prize_schism,
          minmay_the_grid_triangle_9x9_sprig,
          minmay_the_grid_triangle_9x9_windchime,
          minmay_the_grid_triangle_9x9_zippers_vertical,
          minmay_the_grid_triangle_9x9_limited_checkers,
          minmay_the_grid_triangle_9x9_thin_v], layout_cave_pools, serial_shops,
          nicolae_shop_behind_doors, portal_ice_cave_demonic_guard,
          roderic_lattice_a, david_defended_altar_elf, uniq_maurice, uniq_grum
D:12:     layout_stronghold, zombieorc2_lemuel, enter_trove_5
D:13:     layout_long_grid, serial_shops, nicolae_shop_waterfront,
          lightli_fourway_metalbox, uniq_erolcha
D:14:     layout_rooms, grunt_vaults_entry_tiered, grunt_decor_arrowhead,
          serial_shops, shop
D:15:     grunt_enter_depths_giant_problem, layout_basic,
          ebering_ghost_funeral_grove
Temple:   regret_index_temple_sphere_string
Lair:1:   layout_long_grid, special_room [special_room_bee]
Lair:2:   layout_big_grid, skrybe_swamp_entry_bodies, roderic_batcave
Lair:3:   layout_regular_city, gauntlet_entry_generic,
          gammafunk_ghost_berserking_beasts, basic_altar, st_stairs_10,
          uniq_gastronok
Lair:4:   layout_loops_ring, minmay_snake_entry_guardpost_medium,
          maelrawn_ghost_gauntlet_escape, lemuel_oklob_altar
Lair:5:   layout_small_grid, dpeg_slime_entry_enclosed_altar,
          grunt_megastairs_3, minmay_lair_oklob_chamber
Lair:6:   minmay_lair_end_frog_pond, layout_concentric_octagons,
          guppyfry_lair_drakes
Swamp:1:  layout_basic_swamp, hangedman_swamp_diagram, swamp_pool1,
          amcnicky_altar_lugonu_corruption, uniq_louise, uniq_kirke
Swamp:2:  layout_basic_swamp, evilmike_swamp_ruin_house_3, swamp_pool1,
          uniq_aizul
Snake:1:  layout_gridlike, ebering_ghost_xom, basic_altar, uniq_roxanne
Snake:2:  layout_cave_town, serial_bayou_shore_a
Orc:1:    layout_caves, serial_shops, shop
Orc:2:    st_orc_town, layout_caves, uniq_saint_roka

Skill      XL: |  1  2  3  4  5  6  7  8  9 10 11 12 13 14 15 16 17 |
---------------+----------------------------------------------------+-----
Earth Magic    | 4 5 6 7 8 9 10 11 12 13 14 | 14.6
Spellcasting   | 3 4 5 6 7 8 9 10 11 | 11.5
Conjurations   | 1 2 3 4 6 7 8 9 10 11 12 | 12.9
Maces & Flails | 2 4 5 6 7 8 9 10 | 10.5
Armour         | 3 4 6 |  6.0
Fighting       | 3 4 5 7 8 9 10 11 | 11.3
Dodging        | 3 4 5 6 7 8 9 |  9.0
Evocations     | 1 3 4 6 7 8 |  8.9
Fire Magic     | 5 7 9 10 | 10.6
Stealth        | |  2.1
Transmutations | |  0.7

Action                   |  1- 3 |  4- 6 |  7- 9 | 10-12 | 13-15 | 16-18 || total
-------------------------+-------+-------+-------+-------+-------+-------++-------
Melee: Unarmed           |     2 |       |       |       |       |       ||     2
       Club              |     1 |       |       |       |       |       ||     1
       Short sword       |    52 |    13 |       |       |       |       ||    65
       Dagger            |       |   193 |   267 |   398 |       |       ||   858
       Flail             |       |       |       |    86 |   521 |   230 ||   837
Throw: Throwing net      |       |       |       |       |       |     3 ||     3
 Cast: Sandblast         |    21 |    43 |    69 |    91 |    32 |    21 ||   277
       Stone Arrow       |     1 |     1 |     1 |    24 |       |       ||    27
       Lee's Rapid Decon |       |       |     5 |    64 |    49 |    19 ||   137
       Bolt of Magma     |       |       |       |    28 |   232 |    98 ||   358
       Irradiate         |       |       |       |       |     1 |       ||     1
       Starburst         |       |       |       |       |    13 |    37 ||    50
       Iron Shot         |       |       |       |       |       |    76 ||    76
 Abil: Evoke Invisibilit |       |       |       |       |     1 |       ||     1
       Fly               |       |       |       |       |       |     1 ||     1
Evoke: Wand              |       |       |       |    15 |     4 |       ||    19
       Condenser vane    |       |       |       |     1 |       |     2 ||     3
       Lightning rod     |       |       |       |       |     3 |     2 ||     5
       Tin of tremorston |       |       |       |       |       |     2 ||     2
       Box of beasts     |       |       |       |       |       |     1 ||     1
  Use: Scroll            |     3 |     8 |    12 |    10 |    13 |    10 ||    56
       Potion            |       |     1 |     4 |     4 |     2 |       ||    11
 Stab: Sleeping          |     2 |     3 |     2 |     1 |       |       ||     8
       Confused          |       |       |       |       |       |     1 ||     1
Armor: Robe              |    13 |    97 |    42 |       |       |       ||   152
       Leather armour    |       |       |    93 |   333 |    92 |   169 ||   687
       Steam dragon scal |       |       |       |       |   333 |       ||   333
Dodge: Dodged            |    47 |   156 |   152 |   424 |   608 |   281 ||  1668

Table legend: (Time is in decaauts)
 A = Elapsed time spent in this place.
 B = Non-inter-level travel time spent in this place.
 C = Inter-level travel time spent in this place.
 D = Time resting spent in this place.
 E = Time spent auto-exploring this place.
 F = Levels seen in this place.
 G = Mean time per level.
                   A        B        C        D        E       F      G
               +--------+--------+--------+--------+--------+-----+--------+
         Total |  36831 |  34960 |   1871 |   9062 |  18421 |  29 | 1270.0 |
       Dungeon |  21627 |  20577 |   1050 |   4996 |  10834 |  15 | 1441.8 |
        Temple |    179 |    120 |     59 |      0 |    119 |   1 |  179.0 |
          Lair |   8363 |   7867 |    496 |   1220 |   5113 |   6 | 1393.8 |
         Swamp |   1934 |   1912 |     22 |   1253 |    403 |   2 |  967.0 |
     Snake Pit |   1549 |   1462 |     87 |    600 |    653 |   2 |  774.5 |
  Orcish Mines |   2760 |   2604 |    156 |    937 |   1168 |   2 | 1380.0 |
      Gauntlet |    416 |    416 |      0 |     55 |    131 |   1 |  416.0 |
               +--------+--------+--------+--------+--------+-----+--------+

Top non-repeatable levels by time:
    D:10: 1963 daAuts
    D:12: 1926 daAuts
 Swamp:1: 1868 daAuts
  Lair:6: 1855 daAuts
   Orc:2: 1775 daAuts
    D:11: 1760 daAuts
     D:7: 1742 daAuts
  Lair:5: 1724 daAuts
     D:1: 1691 daAuts
     D:4: 1571 daAuts
 Snake:1: 1541 daAuts
  Lair:2: 1506 daAuts
    D:15: 1502 daAuts
    D:13: 1367 daAuts
     D:2: 1321 daAuts
